Map: Lerilak Crest

Players

ByuN - Winner!

  • Race: Terran Terran

sOs

  • Race: Protoss Protoss

Event: IEM Season 10 - Taipei

VOD

Have the link to the VOD?

Description

Time

  • Played on: Feb. 2, 2016, 1:49 a.m.
  • Length: 5:36

All games in this series

Show
View Real Time Build Order
Export as new Build Order

ByuN Terran - Winner!

Build Orders:  

Get SALT Encoding   

  12  0:00  SCV  
  13  0:12  SCV  
  14  0:16  Supply Depot  
  14  0:25  SCV  
  15  0:38  SCV  
  15  0:40  Barracks  
  16  0:44  Refinery  
  16  0:50  SCV  
  17  1:02  SCV  
  18  1:14  SCV  
  19  1:27  Orbital Command  
  19  1:28  Barracks Reactor  
  19  1:40  Command Center  
  19  1:53  SCV  
  20  1:54  Supply Depot  
  20  2:04  Marine x2  
  20  2:05  SCV  
  23  2:11  Factory  
  23  2:17  SCV  
  23  2:22  Marine x2  
  25  2:29  SCV  
  26  2:40  Bunker, Marine x2  
  26  2:42  SCV  
  29  2:54  Widow Mine, SCV  
  29  2:55  Starport  
  32  2:59  Orbital Command  
  32  3:06  Marine  
  32  3:07  Marine  
  32  3:24  Marine x2  
  32  3:26  Widow Mine, Factory Tech Lab  
  35  3:39  SCV x2  
  35  3:40  Orbital Command  
  35  3:42  Supply Depot, Marine x2  
  35  3:43  Refinery  
  35  3:45  Medivac  
  39  3:56  SCV, Factory Tech Lab  
  39  4:00  Marine x2  
  42  4:13  SCV  
  43  4:18  Marine x2  
  43  4:21  Supply Depot  
  45  4:26  Siege Tank  
  45  4:27  Barracks  
  48  4:32  SCV  
  48  4:33  Barracks  
  48  4:35  Marine  
  48  4:36  Marine  
  49  4:45  Supply Depot  
  49  4:53  Orbital Command, Marine x2  
  53  5:10  Engineering Bay  
  53  5:11  Marine x2  
  55  5:19  Barracks Tech Lab  
  55  5:20  Supply Depot  
  53  5:33  Barracks Tech Lab  
  53  5:34  Factory Tech Lab  
Show
View Real Time Build Order
Export as new Build Order

sOs Protoss 

Build Orders: Dark Templar Rush 

Get SALT Encoding   

  12  0:00  Probe (Chrono Boost)  
  13  0:11  Probe (Chrono Boost)  
  14  0:18  Pylon  
  14  0:22  Probe (Chrono Boost)  
  15  0:36  Probe (Chrono Boost), Gateway  
  15  0:42  Assimilator  
  16  0:47  Probe (Chrono Boost)  
  17  0:50  Assimilator  
  17  0:57  Probe (Chrono Boost)  
  18  1:08  Probe (Chrono Boost)  
  18  1:09  Gateway  
  19  1:18  Probe (Chrono Boost)  
  19  1:23  Cybernetics Core  
  20  1:29  Probe (Chrono Boost)  
  21  1:33  Pylon  
  21  1:39  Probe (Chrono Boost)  
  22  1:53  Probe (Chrono Boost)  
  23  1:59  Stalker x2  
  27  2:04  Mothership Core (Chrono Boost)  
  29  2:10  Warp Gate (Chrono Boost)  
  29  2:13  Pylon  
  29  2:22  Probe  
  30  2:35  Twilight Council  
  30  2:37  Adept  
  32  2:40  Adept  
  34  2:48  Probe  
  35  3:01  Probe  
  35  3:04  Pylon  
  35  3:13  Probe  
  35  3:16  Dark Shrine  
  36  3:25  Probe  
  37  3:33  Pylon  
  34  3:41  Mothership Core (Chrono Boost)  
  34  3:46  Nexus  
  36  3:50  Pylon  
  36  4:04  Probe (Chrono Boost)  
  37  4:15  Probe (Chrono Boost)  
  38  4:19  Pylon  
  38  4:30  Robotics Facility  
  38  4:31  Probe (Chrono Boost)  
  38  4:37  Dark Templar x2  
  43  4:43  Probe (Chrono Boost)  
  40  4:48  Pylon  
  40  4:53  Probe (Chrono Boost)  
  39  5:04  Probe (Chrono Boost)  
  38  5:15  Probe x2 (Chrono Boost)  
  36  5:28  Stalker x2  

Tags
 
Add a new tag
Caveats
  • Supply blocks, unpowered buildings, or Contaminate may cause inaccurate times.
  • Supply counts are checked every 10 seconds.